Workbook
Name Bidder_Name: '[1]1. Cost Summary'!$D$3
Name Bidder_Name: #REF!
Name Bidder_Name: '[2]F.1 Cost Workbook Summary'!$D$3
Name Impl_Total: #REF!
Name MO_YR1: #REF!
Name MO_YR2: #REF!

Sheet Summary
B1: STATE OF CALIFORNIA | C1: DEPARTMENT OF CANNABIS CONTROL (DCC) | F1: ='Cover Page'!A2 -> RFP# 2025-002
B2: ='Cover Page'!A3 -> EXHIBIT D - COST WORKBOOK | F2: DCC LIMSR
A3: Bidder Name: | C3: <Enter Bidder Name>
C5: Base Contract - Year 1 (DD&I Licenses) | D5: ='SaaS Software'!H6 -> 0
C6: Base Contract - Year 2 (Licenses) | D6: ='SaaS Software'!H7 -> 0
C7: Deliverables Payment Milestones | D7: ='Deliverables Payment Milestones'!F6 -> 0
C8: Base Contract Sub Total | D8: =SUM(D5:D7) -> 0
C9: Unanticipated Tasks Funds (10%) | D9: =D8*0.1 -> 0
C10: Base Contract Grand Total | D10: =SUM(D8:D9) -> 0
C12: Optional Software & Maintenance | D12: ='SaaS Software'!H15+'SaaS Software'!H22 -> 0
C13: Additional M&O | D13: ='M&O'!H7 -> 0
C14: Grand Total for Evaluation | D14: =D10+D12+D13 -> 0
B18: Instructions and notes: | C18: General: •The Cost Workbook should list all costs required for DCC's LIMSR RFP. Bidders are required to complete the Cost Worksheets of Exhibit D as specified in RFP Section 4 - COSTS and the instructions below. These Cost Worksheets shall be submitted with the Bidder's Proposal. An incomplete Cost Workbook may cause the proposal to be deemed non-responsive. Any items the Bidder intends to enter as "no cost," the Bidder must indicate the dollars as zero (0) and not blank or N/A. •The overall costs of the entire contract (Base years, Unanticipated tasks, and Optional Software and Maintenance) are not to exceed $760,000.00. •Bidder must enter data into only the Yellow highlighted cells of the Cost Worksheet. Modifying any other cells (other than adding and deleting rows) in any of the worksheets may cause the offer to be deemed non-responsive. •The estimated quantities in the Base Contract period are for evaluation purposes only and may be different within the final contract awarded for the defined work.

Sheet Cover Page
A2: RFP# 2025-002
A3: EXHIBIT D - COST WORKBOOK
A4: For:
A5: Laboratory Information Management System Replacement (LIMSR)
A6: MM/DD/YYYY
A7: Issued by:
A8: State of California
A9: Department of Cannabis Control (DCC)
A10: 2920 Kilgore Road
A11: Rancho Cordova, CA 95670
A12: Disclaimer: The original version and any subsequent solicitation addenda released by the Procurement Officer of this solicitation remain the official version. In the event of any inconsistency between the bidder’s versions, articles, attachments, specifications or provisions (which constitute the Contract), the official State version of the solicitation in its entirety shall take precedence.

Sheet SaaS Software
B1: STATE OF CALIFORNIA | C1: DEPARTMENT OF CANNABIS CONTROL (DCC) | F1: ='Cover Page'!A2 -> RFP# 2025-002
B2: =Summary!B2 -> EXHIBIT D - COST WORKBOOK | F2: =Summary!F2 -> DCC LIMSR
A3: Bidder Name: | C3: <Enter Bidder Name>
B4: Software - Base Contract Mandatory
B5: Category | C5: Description | D5: Unit of Measure | E5: Qty (Users) | F5: Unit (Per User) Cost | G5: Monthly Rate | H5: Total Annual Cost
B6: Software Agreement | C6: SaaS Agreement for the LIMSR (SaaS) solution | D6: USD Fixed Price-Year One | E6: 20 | G6: =(E6*F6)/12 -> 0 | H6: =E6*F6 -> 0
B7: Software Agreement | C7: SaaS Agreement for the LIMSR (SaaS) solution | D7: USD Fixed Price-Year Two | E7: 20 | G7: =(E7*F7)/12 -> 0 | H7: =E7*F7 -> 0
B8: Base Contract - Software Sub Total | H8: =SUM(H6:H7) -> 0
B10: Software & Maintenance (M&O) - Mandatory Optional Years
B11: Category | C11: Description | D11: Unit of Measure | E11: Qty (Users) | F11: =F5 -> Unit (Per User) Cost | G11: =G5 -> Monthly Rate | H11: Total Annual Cost
B12: Software Agreement | C12: =C7 -> SaaS Agreement for the LIMSR (SaaS) solution | D12: USD Fixed Price-Year Three | E12: 20 | G12: =(E12*F12)/12 -> 0 | H12: =E12*F12 -> 0
B13: Software Agreement | C13: =C12 -> SaaS Agreement for the LIMSR (SaaS) solution | D13: USD Fixed Price-Year Four | E13: 20 | G13: =(E13*F13)/12 -> 0 | H13: =E13*F13 -> 0
B14: Software Agreement | C14: =C13 -> SaaS Agreement for the LIMSR (SaaS) solution | D14: USD Fixed Price-Year Five | E14: 20 | G14: =(E14*F14)/12 -> 0 | H14: =E14*F14 -> 0
B15: Total Maintenance & Operations for Optional three (3) Years | H15: =SUM(H12:H14) -> 0
B17: Software Subscription Growth - Mandatory Optional Tiers
B18: Category | C18: Description | D18: Unit of Measure | E18: Qty (Users) | F18: Unit Cost | G18: =G11 -> Monthly Rate | H18: Total Annual Cost
B19: Software Agreement | C19: SaaS Organization Tailored License Agreement for the LIMSR (Saas) solution - As necessary, under the terms of amending the contract, DCC will increase the user pool at the user quantity by the unit cost identified throughout the term of the contract. - This tier supports growth up to the quantity identified and is intended to support an additional 5 users above the 20 baselined users. | D19: USD Fixed Price | E19: 5 | G19: =(E19*F19)/12 -> 0 | H19: =E19*F19 -> 0
B20: Software Agreement | C20: SaaS Organization Tailored License Agreement for the LIMSR (Saas) solution - As necessary, under the terms of amending the contract, DCC will increase the user pool at the user quantity by the unit cost identified throughout the term of the contract. - This tier supports growth up to the quantity identified and is intended to support and additional 10 users above the 20 baselined users. | D20: USD Fixed Price | E20: 10 | G20: =(E20*F20)/12 -> 0 | H20: =E20*F20 -> 0
B21: Software Agreement | C21: SaaS Organization Tailored License Agreement for the LIMSR (Saas) solution - As necessary, under the terms of amending the contract, DCC will increase the user pool at the user quantity by the unit cost identified throughout the term of the contract. - This tier supports growth up to the quantity identified and is intended to support and additional 25 users above the 20 baselined users. | D21: USD Fixed Price | E21: 25 | G21: =(E21*F21)/12 -> 0 | H21: =E21*F21 -> 0
B22: Total for all User Tiers (optional to select a specific tier) | H22: =SUM(H19:H19) -> 0
B24: Instructions and notes: | C24: Bidder must complete all yellow highlighted cells. Software - Base Contract Costs •SaaS prices are mandatory. If implementation services are bundled with SaaS those costs need to be extracted for Year 1 and displayed in the Deliverables Payment Milestones Worksheet. •SaaS prices will be invoiced monthly to the State according the SOW. Software & Maintenance (M&O) Costs - Optional Years •These services are Mandatory Optional. It is mandatory that the Bidder must submit a cost and optional that the State may exercise the option. •Mandatory Optional items shall be exercised at the sole direction of the State at the rate(s) provided and shall not be denied by the Contractor. The State is not obligated to use any or all of the Mandatory Optional years.

Sheet Deliverables Payment Milestones
A1: STATE OF CALIFORNIA | D1: ='SaaS Software'!C1 -> DEPARTMENT OF CANNABIS CONTROL (DCC) | F1: ='Cover Page'!A2 -> RFP# 2025-002
A2: ='Cover Page'!A3 -> EXHIBIT D - COST WORKBOOK | F2: =Summary!F2 -> DCC LIMSR
A3: Payment Milestones (Deliverables-Based Costs)
A4: Bidder Name: | C4: <Enter Bidder Name>
A6: Total Payment Milestones (Deliverables 1 - 5) Cost: | F6: =SUM(F16,F21,F26,F31,F37) -> 0
A9: Payment Milestone | B9: Scope of work | D9: Proposed Tasks | E9: % of Total Cost | F9: Payment Milestone Cost | G9: =SUM(E12,E19,#REF!,E29,E34) -> #REF!
A10: Deliverable# 1 - Kickoff & Project Initiation | H10: =SUM(E12,E19,E24,E29,E34) -> 1
B11: Percent of Total Cost
A12: 1 | B12: Kickoff & Project Initiation | D12: 1.1 - Kick off Meeting & Agenda | E12: 0.05 | F12: 0
D13: 1.2 - Project Management Plan | F13: 0
D14: 1.3 - Project Schedule | F14: 0
D15: 1.4 - Monthly Status Form & Report | F15: 0
A16: Deliverable #1 Subtotal | F16: =SUM(F12:F15) -> 0
A17: Deliverable# 2 - Business Analysis & Discovery
B18: Percent of Total Cost
A19: 2 | B19: Business Analysis & Discovery | D19: 2.1 - Requirements review and discovery workshops | E19: 0.1 | F19: 0
D20: 2.2 - Fit-Gap Summary Report | F20: 0
A21: Deliverable #2 Subtotal | F21: =SUM(F19:F20) -> 0
A22: Deliverable# 3 - Technical Design Documentation & Build
B23: Percent of Total Cost
A24: 3 | B24: Technical Design Documentation & Build | D24: 3.1 - Workshops, Configuration, TDD's | E24: 0.3 | F24: 0
D25: 3.2 - Integrations | F25: 0
A26: Deliverable #3 Subtotal | F26: =SUM(F24:F25) -> 0
A27: Deliverable# 4 - Training & Testing
B28: Percent of Total Cost
A29: 4 | B29: Training & Testing | D29: 4.1 - Training Plans, OCM, and Execution. | E29: 0.35 | F29: 0
D30: 4.2 - Test Plans, UAT, and Execution | F30: 0
A31: Deliverable #4 Subtotal | F31: =SUM(F29:F30) -> 0
A32: Deliverable# 5 - Maintenance and Operations, System Implementation & Acceptance
B33: Percent of Total Cost
A34: 5 | B34: Maintenance and Operations, System Implementation & Acceptance | D34: 5.1 - M&O Plan & Support | E34: 0.2 | F34: 0
D35: 5.2 - Go-Live Checklist & Deployment | F35: 0
D36: 5.3 - System Acceptance & Letter | F36: 0
A37: Deliverable #5 Subtotal | F37: =SUM(F34:F36) -> 0
A39: Instructions and notes: | C39: General Bidder must complete all yellow highlighted cells. 'Percent of total cost' is standardized for evaluation purposes. If a Bidder has concerns about the breakout those concerns should be raised in pre-solicitation or Q&A. Tasks and Deliverables • All deliverables may include any and all tasks listed in the SOW to support the project deliverable(s). •The State will work with the Contractor to ensure right tasks are matched to deliverables for the DED and DAD process. •A deliverable may be repeated based on the system development methodology (i.e. Deliverable 3 may require multiple cycles).

Sheet M&O
A1: =Summary!B1 -> STATE OF CALIFORNIA | D1: =Summary!C1 -> DEPARTMENT OF CANNABIS CONTROL (DCC) | I1: =Summary!F1 -> RFP# 2025-002
A2: =Summary!B2 -> EXHIBIT D - COST WORKBOOK | I2: =Summary!F2 -> DCC LIMSR
A4: Items | B4: Optional Year 1 | D4: Optional Year 2 | F4: Optional Year 3 | H4: (D) Evaluation Total (A + B + C = D)
B5: Monthly M&O Rate | C5: Annual Rate (A) | D5: Monthly M&O Rate | E5: Annual Rate (B) | F5: Monthly M&O Rate | G5: Annual Rate (C)
A6: Maintenance and Operations Support Services SOW Section 33. | B6: 0 | C6: =B6*12 -> 0 | D6: 0 | E6: =D6*12 -> 0 | F6: 0 | G6: =F6*12 -> 0 | H6: =C6+E6+G6 -> 0
A7: Total Maintenance and Operations for Optional Three (3) Years | H7: =H6 -> 0
A9: Instructions and notes: | C9: Maintenance and Operations Funds • The optional extensions, if exercised by the Sate, shall extend the base contract for a maximum of three (3), one (1) year extensions for ongoing licensing and support. • Services, outside of a licensing subscription will be paid on a monthly rate. • The Bidder shall submit a monthly rate for each optional year if there are costs outside of the standard licensing subscription fee. If the costs for M&O are considered a part of the licensing subscription then the Bidder can identify $0 in the fields above.

Sheet UT Hourly Rates
A1: STATE OF CALIFORNIA | C1: ='SaaS Software'!C1 -> DEPARTMENT OF CANNABIS CONTROL (DCC) | F1: ='Cover Page'!A2 -> RFP# 2025-002
A2: ='Cover Page'!A3 -> EXHIBIT D - COST WORKBOOK | F2: =Summary!F2 -> DCC LIMSR
A4: Unanticipated Tasks (UT) Labor Rates and Classifications
A5: Bidder Name: | B5: <Enter Bidder Name>
A6: Classification | C6: (A) Hourly Labor Rate | D6: (B) Estimated # Hours for Evaluation Purposes Only | E6: (C) Evaluation Total (A x B = C)
A8: Project Manager | C8: 0 | D8: 40 | E8: =C8*D8 -> 0
A9: Implementation Services Lead | C9: 0 | D9: 80 | E9: =C9*D9 -> 0
A10: Integration Analyst | C10: 0 | D10: 80 | E10: =C10*D10 -> 0
A11: Developer | C11: 0 | D11: 80 | E11: =C11*D11 -> 0
A13: Total UT Cost (For Evaluation Only) | E13: =SUM(E8:E11) -> 0
A16: Instructions and notes: | C16: Unanticipated Tasks Funds •The State limits the budget for unanticipated tasks not to exceed ten percent (10%) of the sum of the base contract (does not include the maintenance and operations portion of the contract) identified in the Cost Worksheet. •Unanticipated Tasks is additional work that must be performed, but was not identified in the State's RFP. The State expects that during the contract period, legislative and/or program changes may necessitate application/system modifications. The support for these modifications will result in unanticipated work and be structured based on the Bidder's labor costs to support change requests. •Both the State and the Contractor must agree upon the work that needs to be performed which will result in unanticipated costs through the Work Authorization and/or the Deliverables Expectation process outlined in the SOW. No work can be performed in advance of State's approval of the Work Authorization and/or the Deliverable Expectation Document. •The Bidder must complete the unanticipated hourly labor rate for the required staff classifications above for their proposal to be considered responsive. During the course of the Contract, the Contractor may use other classifications to perform the work; however, the unanticipated task rate charged will be at the lowest classification rate provided in the Contractor's Labor Rates and Classifications above.

Sheet Third-Party Software
A1: ='UT Hourly Rates'!A1 -> STATE OF CALIFORNIA | C1: ='UT Hourly Rates'!C1 -> DEPARTMENT OF CANNABIS CONTROL (DCC) | J1: ='UT Hourly Rates'!F1 -> RFP# 2025-002
A2: ='UT Hourly Rates'!A2 -> EXHIBIT D - COST WORKBOOK | J2: ='UT Hourly Rates'!F2 -> DCC LIMSR
A4: Item | B4: Description of Contractor Third-Party Software | C4: DD&I | D4: M&O
A5: 1
A6: 2
A7: 3
A8: 4
A9: 5
A10: 6
A11: 7
A12: 8
A13: 9
A14: 10
A15: 11
A16: 12
A18: Instructions and notes: | C18: Third-Party Software • If Bidder's are using third-party software it is required to be identified in the table above. • Identify with an 'X' if software will be used in DD&I or M&O, or both. • Costs related to third-party software shall be combined with SaaS software costs. • This worksheet is for informational purposes only so the State is aware of the third-party tools being used to execute the project.
